 Dungeon Crawl Stone Soup version 0.30.0-15-g856e2d3f33 (webtiles) character file.

Game seed: 10429956905475659525

18 Jackthecabe the Shooter (level 2, 0/24 HPs)
             Began as a Tengu Hexslinger on May 19, 2023.
             Slain by a bat (1 damage)
             ... on level 1 of the Dungeon.
             The game lasted 00:01:22 (770 turns).

Jackthecabe the Shooter (Tengu Hexslinger)           Turns: 770, Time: 00:01:23

Health: 0/24       AC:  2    Str: 10    XL:     2   Next: 66%
Magic:  3/4        EV: 12    Int: 19    God:
Gold:   35         SH:  0    Dex: 14    Spells: 2/3 levels left

rFire   . . .        (no weapon)
rCold   . . .        (no shield)
rNeg    . . .        c - +0 robe
rPois   .            (helmet restricted)
rElec   .            (no cloak)
rCorr   .            (no gloves)
SInv    .            (boots unavailable)
Will    .....        (no amulet) Stlth
                     g - +6 ring of intelligence
HPRegen 0.24/turn    (no ring)
MPRegen 0.09/turn

%: no passive effects
@: berserking (expiring), very quick
A: beak, talons 3
a: no special abilities


You were on level 1 of the Dungeon.
You visited 1 branch of the dungeon, and saw 1 of its levels.

You collected 35 gold pieces.

Inventory:

Hand Weapons
 a - a +1 sling
Armour
 c - a +0 robe (worn)
Jewellery
 g - a +6 ring of intelligence (left hand)
   (You found it on level 1 of the Dungeon)
 h - a ring of magical power {MP+9}
   (You found it on level 1 of the Dungeon)
Scrolls
 b - a scroll of poison {!r}
 e - 3 scrolls of identify {unknown}
 f - a scroll of blinking {unknown}
 i - a scroll of enchant weapon {unknown}
Potions
 d - a potion of heal wounds {unknown}


   Skills:
 - Level 1.0 Fighting
 + Level 3.5 Ranged Weapons
 - Level 2.1 Dodging
 - Level 1.0 Spellcasting
 - Level 2.1 Hexes


You had 2 spell levels left.
You knew the following spells:

 Your Spells              Type           Power      Damage    Failure   Level
s - Slow                  Hex            36%        N/A       8%          1

Your spell library contained the following spells:

 Spells                   Type           Power      Damage    Failure   Level
 Sandblast                Erth           0%         2d4       19%         1
 Passwall                 Tmut/Erth      0%         N/A       28%         2
 Inner Flame              Hex/Fire       5%         N/A       34%         3
 Portal Projectile        Hex/Tloc       10%        N/A       34%         3
 Stone Arrow              Conj/Erth      0%         3d7       50%         3
 Cause Fear               Hex            4%         N/A       58%         4


Dungeon Overview and Level Annotations

Branches:
Dungeon (1/15)

Altars:


Innate Abilities, Weirdness & Mutations

You have a beak for a mouth.
You have claws for feet.


Message History

You take 4 damage, and have 12/16 hp.
MASSIVE DAMAGE!!
You shoot a sling bullet. The sling bullet hits the hobgoblin.
You kill the hobgoblin!
No target in view!
e - 2 scrolls labelled OBLUVV OBIPYR (gained 1)
You see here 5 stones.
You now have 17 gold pieces (gained 9).
You now have 35 gold pieces (gained 18).
i - a scroll labelled QOS HEUM NYAWER Health restored: 16 A dart slug comes into view.
You shoot a sling bullet. The sling bullet hits the dart slug!
You shoot a sling bullet. The sling bullet hits the dart slug.
You kill the dart slug!
No target in view!
A hobgoblin comes into view.
A hobgoblin is nearby!
You shoot a sling bullet. The sling bullet hits the hobgoblin.
The hobgoblin shouts!
You shoot a sling bullet.
The sling bullet closely misses the hobgoblin.
You shoot a sling bullet.
The sling bullet barely misses the hobgoblin.
The hobgoblin closely misses you.
You shoot a sling bullet. The sling bullet hits the hobgoblin.
You kill the hobgoblin!
No target in view!
No target in view!
You see here a hobgoblin corpse.
e - 3 scrolls labelled OBLUVV OBIPYR (gained 1)
Found a stone staircase leading down.
You see here a +0 falchion.
There is a stone staircase leading down here.
You add the spells Sandblast, Passwall and Stone Arrow to your library.
j - a fizzy white potion
There is a stone staircase leading down here.
You open the door.
A bat and a quokka come into view.
You shoot a sling bullet.
The sling bullet hits the quokka but does no damage.
The bat hits you but does no damage. The quokka attacks as you move away!
The quokka bites you.
You take 4 damage, and have 12/16 hp.
MASSIVE DAMAGE!!
You shoot a sling bullet.
The sling bullet barely misses the quokka.
The bat barely misses you. The quokka closely misses you.
The quokka misses you.
You shoot a sling bullet.
The sling bullet hits the quokka but does no damage.
The bat misses you. The quokka bites you.
You take 1 damage, and have 12/16 hp.
You shoot a sling bullet.
The sling bullet closely misses the quokka.
The bat completely misses you. The quokka bites you.
The quokka barely misses you.
You take 3 damage, and have 9/16 hp.
You shoot a sling bullet. The sling bullet hits the quokka.
The bat misses you. The quokka bites you.
You take 1 damage, and have 8/16 hp.
You shoot a sling bullet. The sling bullet hits the quokka.
The bat closely misses you. The quokka barely misses you. The quokka bites you.
* * * LOW HITPOINT WARNING * * *
You take 4 damage, and have 4/16 hp.
MASSIVE DAMAGE!!
You are too injured to fight recklessly!
Casting: Slow (safe; 8% risk of failure)
Aiming: Slow (safe; 8% risk of failure)
Aim: a quokka (almost dead, chance to affect: 61%)
The quokka resists with significant effort.
The bat hits you.
* * * LOW HITPOINT WARNING * * *
The bat barely misses you. The quokka bites you.
* * * LOW HITPOINT WARNING * * *
You take 3 damage, and have 1/16 hp.
You now have 3/4 mp.
Casting: Slow (safe; 8% risk of failure)
Aiming: Slow (safe; 8% risk of failure)
Aim: a quokka (almost dead, chance to affect: 61%)
Okay, then.
It was a potion of berserk rage.
A red film seems to cover your vision as you go berserk!
You feel yourself moving faster!
You feel mighty! The bat barely misses you. The quokka closely misses you.
You now have 2/24 hp.
You are now empty-handed.
You feel a strong urge to attack something.
You completely miss the quokka. Your kick misses the quokka.
The quokka barely misses you.
You hit the quokka.
You kill the quokka!
The bat hits you.
* * * LOW HITPOINT WARNING * * *
The bat hits you but does no damage.
You take 1 damage, and have 1/24 hp.
You barely miss the bat. Your kick misses the bat. The bat closely misses you.
You hit the bat. You claw the bat, but do no damage.
The bat hits you but does no damage.
You barely miss the bat. Your kick misses the bat. The bat hits you.
* * * LOW HITPOINT WARNING * * *
You take 1 damage, and have 1/24 hp.
You barely miss the bat. The bat barely misses you. The bat hits you.
You die...

#...............# #.# #...#..
####.############ #...#.[ #.#
############ #(..#.. #.#
#.......... #...##.
#####+####......... #...##.
.......... ....... #...##.
........... .... #...##.
...........####'### ######.
................@.# #.
#...........#.#b#.# #)
#...............#.# #.
#...........†#....# ####### #.
#............##.#.# #.....# #.
#...........†...#.## #.###.#
## ............#####..### #.#
#.# .....................# #.#
#.#
.#.........#########.###.###.#
##


You could see a bat.

Vanquished Creatures
  2 dart slugs (D:1)
  A ball python (D:1)
  2 endoplasms (D:1)
  A giant cockroach (D:1)
  2 hobgoblins (D:1)
  A kobold (D:1)
  A quokka (D:1)
  2 rats (D:1)
12 creatures vanquished.

Notes
Turn   | Place    | Note
-------+----------+-------------------------------------------
     0 | D:1      | Jackthecabe the Tengu Hexslinger began the quest for the
                  | Orb.
     0 | D:1      | Reached XP level 1. HP: 12/12 MP: 3/3
   258 | D:1      | Reached XP level 2. HP: 16/16 MP: 4/4
   402 | D:1      | Reached skill level 3 in Ranged Weapons
   758 | D:1      | HP: 8/16 [quokka (2)]
   760 | D:1      | HP: 3/16 [bat (1)]
   760 | D:1      | HP: 1/16 [quokka (2)]
   768 | D:1      | HP: 1/24 [bat (1)]
   770 | D:1      | Slain by a bat

Illustrated notes

Levels and vault maps discovered:
D:1:      psy_arrival_conway, layout_basic, minmay_misc_feat_square

Skill      XL: |  1  2 |
---------------+-------+-----
Ranged Weapons | 3 |  3.5
Fighting       | |  1.0
Dodging        | |  2.1
Spellcasting   | |  1.0
Hexes          | |  2.1

Action                     || total
---------------------------++-------
  Melee: Unarmed           ||     6
         Kick              ||     1
   Fire: Sling             ||    36
   Cast: Slow              ||     1
    Use: Potion            ||     1
 Armour: Robe              ||     4
  Dodge: Dodged            ||    20

Levels and vault maps discovered:
D:1:      psy_arrival_conway, layout_basic, minmay_misc_feat_square

Table legend: (Time is in decaauts)
 A = Elapsed time spent in this place.
 B = Non-inter-level travel time spent in this place.
 C = Inter-level travel time spent in this place.
 D = Time resting spent in this place.
 E = Time spent auto-exploring this place.
 F = Levels seen in this place.
 G = Mean time per level.
                   A        B        C        D        E       F      G
               +--------+--------+--------+--------+--------+-----+--------+
         Total |    780 |    780 |      0 |      0 |    684 |   1 |  780.0 |
       Dungeon |    780 |    780 |      0 |      0 |    684 |   1 |  780.0 |
               +--------+--------+--------+--------+--------+-----+--------+

Top non-repeatable levels by time:
     D:1: 780 daAuts

Table legend:
 A = Kills in this place as a percentage of kills in the entire game.
 B = Kills by you in this place as a percentage of kills by you in the entire game.
 C = Kills by friends in this place as a percentage of kills by friends in the entire game.
 D = Other kills in this place as a percentage of other kills in the entire game.
 E = Experience gained in this place as a percentage of experience gained in the entire game.
 F = Experience gained in this place divided by the number of levels of this place that you have seen.
                   A       B       C       D       E      F
               +-------+-------+-------+-------+-------+----------------------
         Total | 100.0 | 100.0 |   N/A |   N/A | 100.0 |  26.0
       Dungeon | 100.0 | 100.0 |   N/A |   N/A | 100.0 |  26.0
               +-------+-------+-------+-------+-------+----------------------
